 Dungeon Sprint DCSS version 0.31-a0-1-g4198be8af4 (webtiles) character file.

Game seed: 16773982908463331601

65 rocky1 the Conjurer (level 4, -1/46 HPs)
             Began as a Human Conjurer on May 2, 2023.
             Was an Elder of Sif Muna.
             Slain by an orc wizard
             ... wielding a +0 dagger
              (3 damage)
             ... in the Dungeon (Sprint VII: "The Pits").
             The game lasted 00:02:21 (1032 turns).

rocky1 the Conjurer (Human Conjurer)                Turns: 1032, Time: 00:02:22

Health: -1/46      AC:  1    Str:  7    XL:     4   Next: 35%
Magic:  4/8        EV: 12    Int: 20    God:    Sif Muna [****..]
Gold:   0          SH:  0    Dex: 12    Spells: 8/9 levels left

rFire   . . .        k - +0 quarterstaff (protect)
rCold   . . .        (shield currently unavailable)
rNeg    . . .        a - +0 robe
rPois   .            (no helmet)
rElec   .            (no cloak)
rCorr   .            (no gloves)
SInv    .            (no boots)
Will    .....        (no amulet) Stlth
                     (no ring)
HPRegen 0.27/turn    (no ring)
MPRegen 0.11/turn

%: no teleportation
@: berserking (expiring), corroded, under a protective aura, very quick
A: no striking features
a: Renounce Religion, Channel Magic, Forget Spell, Divine Exegesis


You were in the Dungeon.
You worshipped Sif Muna.
Sif Muna was greatly pleased with you.
You visited 1 branch

Inventory:

Hand Weapons
 k - a +0 quarterstaff of protection (weapon)
Armour
 a - a +0 robe (worn)
Scrolls
 g - a scroll of blinking
 i - 5 scrolls of amnesia
 j - a scroll of butterflies
Potions
 b - 4 potions of magic
 c - 6 potions of curing
 d - 6 potions of heal wounds
 e - a potion of haste
 f - 2 potions of berserk rage
 h - 2 potions of invisibility


   Skills:
 + Level 0.3 Fighting
 + Level 0.2 Staves
 + Level 3.0 Dodging
 + Level 2.6 Stealth
 + Level 3.2 Spellcasting
 + Level 7.3 Conjurations
 * Level 1.9 Invocations


You had 8 spell levels left.
You knew the following spells:

 Your Spells              Type           Power      Damage    Failure   Level
a - Magic Dart            Conj           100%       1d8       1%          1

Your spell library contained the following spells:

 Spells                   Type           Power      Damage    Failure   Level
 Searing Ray              Conj           64%        2d6       1%          2
 Dazzling Flash           Conj/Hex       34%        N/A       10%         3
 Fulminant Prism          Conj/Hex       8%         3d6       30%         4
 Iskenderun's Mystic Bla  Conj/Tloc      17%        2d5       30%         4


Dungeon Overview and Level Annotations

Branches:
Dungeon (1/1)

Altars:
Ashenzari
Cheibriados
Dithmenos
Elyvilon
Fedhas
Gozag
Hepliaklqana
Kikubaaqudgha
Makhleb
Nemelex Xobeh
Okawaru
Qazlal
Ru
Sif Muna
Trog
Uskayaw
Vehumet
Wu Jian
Xom
Yredelemnul
Zin
The Shining One
Jiyva
Lugonu


Message History

The orc shouts!
The jelly hits you. The acid corrodes you!
You are splashed with acid!
You sock the jelly! The acid corrodes you!
Your hands burn!
* * * LOW HITPOINT WARNING * * *
The jelly is severely wounded.
The jelly barely misses you.
You sock the jelly!
You kill the jelly!
Sif Muna accepts your kill.
The orc wizard mumbles some strange words.
The orc wizard flickers and vanishes!
Deactivating autopickup; reactivate with Ctrl-A.
Something shouts, "Flee, thou artless milk-livered jarkman!"
Your Dodging skill increases to level 3!
Your Spellcasting skill increases to level 3!
Your Conjurations skill increases to level 7!
Your Invocations skill increases to level 1!
You have reached level 4!
You feel agile.
You hit the orc but do no damage.
An orc comes into view. It is wielding a +0 flail.
The orc hits you with a +0 flail!
* * * LOW HITPOINT WARNING * * *
You hit the orc.
The orc is moderately wounded.
The orc barely misses you.
You barely miss the orc.
The orc is moderately wounded.
You barely miss the orc.
The orc is moderately wounded.
The orc closely misses you.
You barely miss the orc.
The orc is moderately wounded.
Unknown command.
You miss something. You sock something! Something hits you.
* * * LOW HITPOINT WARNING * * *
Unknown command.
You closely miss something. Something hits you.
You die...

#'#####'#####.....
#.#..#..#..##.....
#.#..'..'..#####'#
#.##รท####'###.....
#.#........##.....
#.#........##.....
#.#####'#####...<.
#.#..[).)..##.....
#@#..[)))..##.....
#)###########.....


#oo ###### #o## #o# #.# #.. #.. You could see 4 orcs.

Vanquished Creatures
  A jelly (D)
  An adder (D)
  2 ufetubi (D)
  An orc (D)
  A bat (D)
  An endoplasm (D)
  6 jackals (D)
  A quokka (D)
  A ball python skeleton (D)
  A frilled lizard (D)
16 creatures vanquished.

Notes
Turn   | Place    | Note
-------+----------+-------------------------------------------
     0 | D        | rocky1 the Human Conjurer began the quest for the Orb.
     0 | D        | Reached XP level 1. HP: 13/13 MP: 3/3
    27 | D        | Reached skill level 5 in Conjurations
    27 | D        | Reached XP level 2. HP: 18/19 MP: 0/5
   197 | D        | Found a bloodstained altar of Trog.
   197 | D        | Found a shimmering blue altar of Sif Muna.
   197 | D        | Found a viscous altar of Jiyva.
   197 | D        | Found a hazy altar of Hepliaklqana.
   197 | D        | Found an opulent altar of Gozag.
   198 | D        | Found a glowing golden altar of the Shining One.
   198 | D        | Found a glowing silver altar of Zin.
   198 | D        | Found a basalt altar of Yredelemnul.
   198 | D        | Found a shimmering altar of Xom.
   198 | D        | Found an ornate altar of the Wu Jian Council.
   198 | D        | Found a sacrificial altar of Ru.
   198 | D        | Found a stormy altar of Qazlal.
   198 | D        | Found an iron altar of Okawaru.
   198 | D        | Found a sparkling altar of Nemelex Xobeh.
   198 | D        | Found a burning altar of Makhleb.
   198 | D        | Found a blossoming altar of Fedhas.
   198 | D        | Found a white marble altar of Elyvilon.
   198 | D        | Found a shadowy altar of Dithmenos.
   198 | D        | Found a snail-covered altar of Cheibriados.
   201 | D        | Found a corrupted altar of Lugonu.
   201 | D        | Found a radiant altar of Vehumet.
   202 | D        | Found an ancient bone altar of Kikubaaqudgha.
   202 | D        | Found a hide-covered altar of Uskayaw.
   202 | D        | Found a broken altar of Ashenzari.
   203 | D        | Became a worshipper of Sif Muna the Loreminder
   250 | D        | Reached * piety under Sif Muna
   253 | D        | Reached skill level 6 in Conjurations
   407 | D        | Reached XP level 3. HP: 24/24 MP: 4/6
   408 | D        | Reached ** piety under Sif Muna
   558 | D        | Reached *** piety under Sif Muna
  1021 | D        | Reached **** piety under Sif Muna
  1025 | D        | Reached skill level 7 in Conjurations
  1025 | D        | Reached skill level 1 in Invocations
  1025 | D        | Reached XP level 4. HP: 11/31 MP: 3/8
  1031 | D        | HP: 2/46 [something (2)]
  1032 | D        | Slain by an orc wizard

Illustrated notes

Levels and vault maps discovered:
D:        pitsprint [storerooms_1, entrance_room_1, metal_vault_4, armoury_2,
          mini_pit_1, grid_room_1, main_hall_1, silver_pit, the_coven_1,
          the_vestibule_1, steel_vault_3, golden_pit, hallway_of_sentries,
          crystal_vault_2, iron_vault_2, final_vault]

Skill      XL: |  1  2  3 |
---------------+----------+-----
Conjurations   | 5 6 7 |  7.3
Dodging        | 3 |  3.0
Spellcasting   | 3 |  3.2
Invocations    | 1 |  1.9
Fighting       | |  0.3
Staves         | |  0.2
Stealth        | |  2.6

Action                     |  1- 3 |  4- 6 || total
---------------------------+-------+-------++-------
  Melee: Unarmed           |     6 |       ||     6
         Quarterstaff      |     5 |     8 ||    13
   Cast: Magic Dart        |    35 |       ||    35
    Use: Potion            |     2 |       ||     2
 Armour: Robe              |     7 |       ||     7
  Dodge: Dodged            |    32 |     2 ||    34

Table legend: (Time is in decaauts)
 A = Elapsed time spent in this place.
 B = Non-inter-level travel time spent in this place.
 C = Inter-level travel time spent in this place.
 D = Time resting spent in this place.
 E = Time spent auto-exploring this place.
 F = Levels seen in this place.
 G = Mean time per level.
                   A        B        C        D        E       F      G
               +--------+--------+--------+--------+--------+-----+--------+
         Total |   1031 |   1018 |     13 |    810 |      0 |   1 | 1031.0 |
       Dungeon |   1031 |   1018 |     13 |    810 |      0 |   1 | 1031.0 |
               +--------+--------+--------+--------+--------+-----+--------+

Top non-repeatable levels by time:
       D: 1031 daAuts
